 Dungeon Crawl Stone Soup version 0.28-a0-1506-g3893175d92 (webtiles) character file.

Game seed: 18158555920440856202

952 HallandMoats the Skirmisher (level 8, -10/70 HPs)
             Began as a Ghoul Monk on Jan 14, 2022.
             Was an Initiate of Gozag.
             Mangled by Pikel (19 damage)
             ... while paralysed by Pikel
             ... on level 5 of the Dungeon.
             The game lasted 00:05:21 (5175 turns).

HallandMoats the Skirmisher (Ghoul Monk)            Turns: 5175, Time: 00:05:22

Health: -10/70     AC: 13    Str: 17    XL:     8   Next: 14%
Magic:  9/9        EV:  2    Int:  5    God:    Gozag
Gold:   726        SH:  0    Dex: 11    Spells: 7/7 levels left

rFire   . . .      SeeInvis .   t - +2 club (spect)
rCold   + . .      Faith    .   (no shield)
rNeg    + + +      Spirit   .   k - +0 plate armour
rPois   ∞          Reflect  +   j - +0 helmet
rElec   .          Harm     .   (no cloak)
rCorr   .          Rampage  .   (no gloves)
Will    .....                   d - +0 pair of boots
Stlth   ..........              h - amulet of reflection
HPRegen 0.00/turn               (no ring)
MPRegen 0.11/turn               (no ring)

@: paralysed, inhibited regen
A: claws 1, cold resistance 1, negative energy resistance 3, inhibited
regeneration, torment resistance 2
a: Renounce Religion, Potion Petition, Call Merchant, Bribe Branch


You were on level 5 of the Dungeon.
You worshipped Gozag.
Gozag was pleased with you.
You visited 1 branch of the dungeon, and saw 5 of its levels.

You collected 726 gold pieces.

Inventory:

Hand Weapons
 a - a +2 dagger of venom
 b - a +0 falchion
 p - a +0 hand axe of electrocution
 t - a +2 spectral club (weapon)
Missiles
 f - a throwing net (quivered)
Armour
 d - a +0 pair of boots (worn)
 j - a +0 helmet (worn)
 k - a +0 plate armour (worn)
Jewellery
 c - an amulet of the acrobat
 h - an amulet of reflection (around neck)
Wands
 r - a wand of polymorph (6)
Scrolls
 g - 2 scrolls of teleportation {unknown}
 n - a scroll of torment {unknown}
 o - a scroll of blinking {unknown}
 q - a scroll of magic mapping {unknown}
 s - a scroll of noise {unknown}
 v - a scroll of identify {unknown}
Potions
 e - a potion of curing {unknown}
 i - 2 potions of heal wounds {unknown}
 l - a potion of lignification {unknown}
 m - a potion of berserk rage {unknown}
 u - a potion of resistance


   Skills:
 * Level 6.0 Fighting
 * Level 5.0 Long Blades
 + Level 2.6 Armour
 + Level 3.8 Dodging
 + Level 4.4 Stealth
 + Level 3.1 Invocations


You had 7 spell levels left.
You didn't know any spells.
Your spell library contained the following spells:

 Spells                   Type           Power      Damage    Failure   Level
 Magic Dart               Conj           0%         1d3       100%        1
 Call Imp                 Summ           0%         N/A       100%        2
 Mephitic Cloud           Conj/Pois/Air  0%         N/A       100%        3


Dungeon Overview and Level Annotations

Branches:
Dungeon (5/15)             Temple (0/1) D:5

Altars:
Gozag
Makhleb
Vehumet
Yredelemnul

Annotations:
D:3 1 runed translucent door
D:5 Pikel


Innate Abilities, Weirdness & Mutations

You thrive by killing the living.
You are immune to poison.
You have sharp fingernails.
Your flesh is cold resistant. (rC+)
You are immune to negative energy. (rN+++)
You do not regenerate when monsters are visible.
You are immune to unholy pain and torment.


Message History

Pikel barely misses you.
You barely miss Pikel.
Pikel is moderately wounded.
Pikel hits you but does no damage.
You closely miss Pikel.
Pikel is moderately wounded.
Pikel zaps a wand.
You suddenly lose the ability to move!
Pikel hits you but does no damage.
Pikel hits you with a +0 whip of electrocution.
You are electrocuted!
You can move again.
You hit Pikel but do no damage.
Pikel is moderately wounded.
Pikel hits you but does no damage. x2
Unknown command.
You barely miss Pikel.
Pikel is lightly wounded.
Pikel zaps a wand.
You resist with some effort.
You hit Pikel.
Pikel is moderately wounded.
Pikel hits you but does no damage.
You hit Pikel but do no damage.
Pikel is moderately wounded.
Pikel hits you but does no damage.
You are electrocuted!
Pikel hits you but does no damage.
You miss Pikel.
Pikel is moderately wounded.
Pikel barely misses you.
You hit Pikel.
Pikel is moderately wounded.
Pikel zaps a wand.
You resist with some effort.
You closely miss Pikel.
Pikel is moderately wounded.
Pikel zaps a wand.
You suddenly lose the ability to move!
Pikel hits you with a +0 whip of electrocution.
You are electrocuted!!
* * * LOW HITPOINT WARNING * * *
Pikel hits you but does no damage.
You are electrocuted!!
You die...
Your body crumbles into a pile of gold.

# ####### .. #...... ...
#...... .... #......
..... #......
.....5#############......
.....55K@................
.....5###################
..... ##### ..(. ......
### ####.. #... #.#. #..#
#...


You could see Pikel and 4 lemures.

Vanquished Creatures
  An ice beast (D:5)
  2 ogres
  A black bear (D:2)
  A centaur (D:4)
  A howler monkey (D:5)
  2 bullfrog zombies (D:5)
  An orc priest (D:4)
  Ijyb (D:5)
  Natasha (twice) (D:2)
  A human skeleton (D:3)
  An iguana (D:4)
  An orc wizard (D:3)
  A hound zombie (D:5)
  11 gnolls
  2 adders
  A worm (D:2)
  3 dart slugs
  6 orcs
  9 bats
  8 endoplasms
  2 giant cockroaches
  10 goblins
  7 hobgoblins
  4 jackals (D:5)
  4 quokkas
  6 ball pythons
  4 frilled lizards
  5 kobolds
  6 rats
104 creatures vanquished.

Notes
Turn   | Place    | Note
-------+----------+-------------------------------------------
     0 | D:1      | HallandMoats the Ghoul Monk began the quest for the Orb.
     0 | D:1      | Reached XP level 1. HP: 19/19 MP: 0/0
   245 | D:1      | Reached XP level 2. HP: 26/26 MP: 1/1
   408 | D:1      | Reached XP level 3. HP: 33/33 MP: 2/2
   484 | D:1      | Reached skill level 1 in Invocations
   775 | D:1      | Found a faded altar of an unknown god.
   793 | D:1      | Prayed at the altar of an unknown god.
   793 | D:1      | Became a worshipper of Gozag Ym Sagoz the Greedy
   998 | D:2      | Noticed Natasha
  1025 | D:2      | Killed Natasha
  1026 | D:2      | Reached skill level 4 in Fighting
  1026 | D:2      | Reached XP level 4. HP: 16/40 MP: 3/3
  1864 | D:2      | Noticed a black bear
  1877 | D:2      | Killed a black bear
  1878 | D:2      | Reached skill level 1 in Armour
  1878 | D:2      | Reached XP level 5. HP: 31/47 MP: 3/5
  1903 | D:2      | Noticed Natasha
  1911 | D:2      | Killed Natasha
  2391 | D:3      | Reached XP level 6. HP: 47/53 MP: 6/6
  2458 | D:3      | Found a radiant altar of Vehumet.
  2644 | D:3      | Found a runed translucent door.
  2644 | D:3      | Noticed a human
  2649 | D:3      | Found a basalt altar of Yredelemnul.
  3207 | D:4      | Found a burning altar of Makhleb.
  3623 | D:4      | Reached skill level 5 in Fighting
  3623 | D:4      | Reached XP level 7. HP: 41/61 MP: 7/7
  4341 | D:5      | Entered Level 5 of the Dungeon
  4637 | D:5      | Noticed Ijyb
  4651 | D:5      | Killed Ijyb
  4995 | D:5      | Found a staircase to the Ecumenical Temple.
  5021 | D:5      | Reached XP level 8. HP: 70/70 MP: 9/9
  5039 | D:5      | Reached skill level 6 in Fighting
  5039 | D:5      | Reached skill level 5 in Long Blades
  5152 | D:5      | Noticed Pikel
  5165 | D:5      | Paralysed by Pikel for 3 turns
  5174 | D:5      | Paralysed by Pikel for 7 turns
  5175 | D:5      | Mangled by Pikel

Illustrated notes

Levels and vault maps discovered:
D:1:      dpeg_arrival_oval, layout_rooms, ebering_ecumenical_altar_sacrificial
D:2:      layout_loops_corners, minmay_tromino_v4_b, uniq_natasha
D:3:      layout_loops_ring, dk_yredelemnul_ordeal, vehumet_crystals
D:4:      layout_basic, mainiacjoe_overflow_boulevard,
          chequers_serial_rivers_micro_b,
          hangedman_abyss_or_decor_jellyfish_corner, corexii_shack
D:5:      layout_basic, led_sif_book, minmay_temple_entry_mini_moons, uniq_ijyb,
          uniq_pikel

Skill      XL: |  1  2  3  4  5  6  7  8 |
---------------+-------------------------+-----
Long Blades    | 3 4 5 |  5.0
Invocations    | 1 2 3 |  3.1
Fighting       | 4 5 6 |  6.0
Armour         | 1 2 |  2.6
Dodging        | 3 |  3.8
Stealth        | 3 4 |  4.4

Action                   |  1- 3 |  4- 6 |  7- 9 || total
-------------------------+-------+-------+-------++-------
Melee: Falchion          |    93 |    18 |       ||   111
       Punch             |     1 |     1 |     1 ||     3
       Hand axe          |       |   136 |    26 ||   162
       Dagger            |       |       |   100 ||   100
       Club              |       |       |    42 ||    42
 Stab: Sleeping          |     6 |       |       ||     6
Armor: Robe              |    14 |       |       ||    14
       Chain mail        |    20 |    64 |       ||    84
       Plate armour      |       |    30 |   128 ||   158
Dodge: Dodged            |    65 |    53 |    55 ||   173
Block: Other             |       |    35 |    33 ||    68
       Reflection        |       |       |     1 ||     1

Table legend: (Time is in decaauts)
 A = Elapsed time spent in this place.
 B = Non-inter-level travel time spent in this place.
 C = Inter-level travel time spent in this place.
 D = Time resting spent in this place.
 E = Time spent auto-exploring this place.
 F = Levels seen in this place.
 G = Mean time per level.
                   A        B        C        D        E       F      G
               +--------+--------+--------+--------+--------+-----+--------+
         Total |   5237 |   5062 |    175 |     37 |   3992 |   5 | 1047.4 |
       Dungeon |   5237 |   5062 |    175 |     37 |   3992 |   5 | 1047.4 |
               +--------+--------+--------+--------+--------+-----+--------+

Top non-repeatable levels by time:
     D:2: 1373 daAuts
     D:4: 1190 daAuts
     D:1: 1000 daAuts
     D:3: 841 daAuts
     D:5: 832 daAuts
